[Event "ICC tourney 2035 (75 10)"]
[Site "Internet Chess Club"]
[Date "2020.10.03"]
[Round "1"]
[White "Legolas08"]
[Black "andrewjiang2"]
[Result "1-0"]
[ICCResult "Black checkmated"]
[WhiteElo "1793"]
[BlackElo "2002"]
[Opening "Queen's gambit declined"]
[ECO "D30"]
[NIC "QP.08"]
[Time "12:08:19"]
[TimeControl "4500+10"]

1. d4 d5 2. c4 e6 3. Nf3 Nf6 4. g3 Bb4+ 5. Bd2 c5 6. Bxb4 cxb4 7. Bg2 dxc4
8. Qa4+ Nc6 9. Ne5 O-O 10. Nxc6 bxc6 11. Qxc6 Qxd4 12. Nd2 Rd8 13. O-O-O Bd7
14. Qa6 Rac8 15. Ne4 Qe5 16. Nxf6+ Qxf6 17. Rxd7 Qxf2 18. Bf3 Qe3+ 19. Kb1
c3 20. Qd3 Qb6 21. Rxd8+ Rxd8 22. Qe4 f5 23. Qc6 Qe3 24. Rc1 cxb2 25. Kxb2
Rd2+ 26. Kb1 Kf7 27. Qc4 a5 28. Qf4 Qg1 29. Rxg1 Rd1+ 30. Rxd1 b3 31. Rd7+
Kf6 32. Qh4+ Ke5 33. Qd4# {Black checkmated} 1-0

[Event "ICC tourney 2035 (75 10)"]
[Site "Internet Chess Club"]
[Date "2020.10.03"]
[Round "1"]
[White "G-Horobetz"]
[Black "JQX2019"]
[Result "1-0"]
[ICCResult "Black resigns"]
[WhiteElo "1559"]
[BlackElo "1332"]
[Opening "Sicilian: Boleslavsky variation, 7.Nb3"]
[ECO "B59"]
[NIC "SI.25"]
[Time "12:08:16"]
[TimeControl "4500+10"]

1. e4 c5 2. Nf3 d6 3. d4 cxd4 4. Nxd4 Nf6 5. Nc3 Nc6 6. Be2 e5 7. Nb3 Be7 8.
O-O h6 9. f4 O-O 10. Be3 exf4 11. Bxf4 Be6 12. Qe1 d5 13. e5 Qb6+ 14. Kh1
Nd7 15. Qg3 Kh8 16. Bg4 Rad8 17. Rae1 Kh7 18. Qd3+ Kh8 19. Qh3 Bxg4 20. Qxg4
Nc5 21. Nxc5 Qxc5 22. Rf3 Nd4 23. Be3 f5 24. Qxd4 Qc6 25. Ref1 b6 26. Qd3 d4
27. Bxd4 Bc5 28. Ne2 Qa4 29. c3 Qxa2 30. b4 a5 31. bxc5 bxc5 32. Nf4 cxd4
33. Ng6+ Kg8 34. Nxf8 Kxf8 35. Qxf5+ Kg8 36. cxd4 Rxd4 37. Qf8+ Kh7 38. Rg3
Rd7 39. Qf5+ Kh8 40. Qxd7 {Black resigns} 1-0

[Event "ICC tourney 2035 (75 10)"]
[Site "Internet Chess Club"]
[Date "2020.10.03"]
[Round "1"]
[White "A-Zapata"]
[Black "gitb98"]
[Result "1-0"]
[ICCResult "Black resigns"]
[WhiteElo "2236"]
[BlackElo "1929"]
[Opening "Sicilian: Taimanov (Bastrikov) variation"]
[ECO "B47"]
[NIC "SI.40"]
[Time "12:08:17"]
[TimeControl "4500+10"]

1. e4 c5 2. Nf3 e6 3. d4 cxd4 4. Nxd4 Nc6 5. Nc3 Qc7 6. g3 a6 7. Bg2 h5 8.
h3 h4 9. g4 Nge7 10. Nde2 Ng6 11. O-O Bc5 12. Kh1 d6 13. f4 Bd7 14. a3 Nce7
15. Qd3 Bc6 16. Nd4 Bxd4 17. Qxd4 e5 18. fxe5 dxe5 19. Qc4 O-O 20. Bg5 Qb6
21. Qb4 Qxb4 22. axb4 b5 23. Nd5 Bxd5 24. exd5 Ra7 25. d6 Nc8 26. Rfd1 f6
27. Be3 Rd7 28. Bc5 Nf4 29. Bc6 Rdd8 30. d7 Nxh3 31. Rxa6 {Black resigns}
1-0

[Event "ICC tourney 2035 (75 10)"]
[Site "Internet Chess Club"]
[Date "2020.10.03"]
[Round "1"]
[White "kiremon"]
[Black "HarleyQueen8"]
[Result "1/2-1/2"]
[ICCResult "Game drawn by repetition"]
[WhiteElo "1501"]
[BlackElo "1713"]
[Opening "Sicilian: wing gambit, Carlsbad variation"]
[ECO "B20"]
[NIC "SI.48"]
[Time "12:08:13"]
[TimeControl "4500+10"]

1. e4 c5 2. b4 cxb4 3. a3 bxa3 4. Nxa3 Nc6 5. d4 d5 6. e5 Bf5 7. c3 e6 8.
Nc2 Bxc2 9. Qxc2 Be7 10. Nf3 Qd7 11. Bd3 h6 12. O-O Bd8 13. Ba3 Nge7 14.
Rfb1 O-O 15. Bb5 Bb6 16. Nh4 Rfc8 17. Qd3 Qd8 18. Ba4 g6 19. Bc1 Kg7 20. Qh3
Ng8 21. g4 Qc7 22. Bd2 Ba5 23. Bxc6 bxc6 24. f4 c5 25. Rb5 Bb6 26. dxc5
Bxc5+ 27. Kh1 Qc6 28. Rab1 d4+ 29. Qf3 Qxf3+ 30. Nxf3 dxc3 31. Bxc3 Be3 32.
Bd2 Bxd2 33. Nxd2 Rc2 34. Ne4 Rc4 35. R1b4 Rxb4 36. Rxb4 a5 37. Ra4 Ne7 38.
Kg2 Nd5 39. Kf3 Nb6 40. Ra2 a4 41. Nd6 a3 42. Nb5 Ra5 43. Nc3 Nc4 44. Ke2
Ra6 45. Kd3 Rc6 46. Nb5 Nb2+ 47. Kd2 Ra6 48. Kc3 Rc6+ 49. Kd2 Ra6 50. Kc3
Rc6+ 51. Kd2 Ra6 52. Kc3 Rc6+ {Game drawn by repetition} 1/2-1/2

[Event "ICC tourney 2035 (75 10)"]
[Site "Internet Chess Club"]
[Date "2020.10.03"]
[Round "1"]
[White "chessisthebest1"]
[Black "Mariiachess97"]
[Result "0-1"]
[ICCResult "White resigns"]
[WhiteElo "1899"]
[BlackElo "1697"]
[Opening "Pirc: classical (two knights) system"]
[ECO "B07"]
[NIC "PU.10"]
[Time "12:08:14"]
[TimeControl "4500+10"]

1. e4 d6 2. d4 g6 3. Nc3 Bg7 4. Nf3 Nf6 5. Bc4 O-O 6. O-O Nc6 7. Re1 Bg4 8.
Be3 e5 9. d5 Ne7 10. h3 Bd7 11. Nh2 Nh5 12. Bf1 f5 13. exf5 Nxf5 14. Bd2 Nd4
15. Ne4 Nf4 16. c3 Nf5 17. Bxf4 exf4 18. Nf3 Nh4 19. Neg5 Nxf3+ 20. Nxf3 Re8
21. Qd2 Qf6 22. Bd3 c5 23. Rxe8+ Bxe8 24. Re1 Bf7 25. Bc2 b5 26. Re2 a5 27.
a4 b4 28. cxb4 cxb4 29. Bb3 Re8 30. Rxe8+ Bxe8 31. Ne1 g5 32. Qe2 Bf7 33.
Nf3 h6 34. Kf1 h5 35. h4 gxh4 36. Qc2 Qxb2 37. Qxb2 Bxb2 38. Nxh4 Be5 39.
Ke2 Kg7 40. Kf3 Kf6 41. Ke4 Bg8 42. Kf3 Bh7 43. g3 Kg5 44. Ng2 fxg3 45. fxg3
Bf5 46. Ne3 Bg4+ 47. Nxg4 hxg4+ 48. Kf2 Bd4+ 49. Ke2 Kf5 50. Bd1 Ke4 51. Kd2
Kxd5 52. Bxg4 b3 53. Kc1 Kc4 54. Bd7 Bf6 55. Bb5+ Kc3 56. Bc6 Kc4 57. Bb5+
Kc5 58. g4 d5 59. Kb1 Kb4 60. Kc1 d4 61. Bd3 Kc3 62. Bb5 d3 63. Kb1 Kd2 64.
Bc4 Kc3 65. Bb5 d2 66. Be2 Kd4 67. Bd1 Ke3 68. Bxb3 Ke2 69. g5 Bxg5 70. Ka2
Be7 71. Kb1 d1=Q+ 72. Bxd1+ Kxd1 73. Kb2 Kd2 74. Kb1 Kc3 75. Ka2 Kb4 76. Kb2
Kxa4 77. Ka2 Bf6 78. Kb1 Kb3 {White resigns} 0-1

[Event "ICC tourney 2035 (75 10)"]
[Site "Internet Chess Club"]
[Date "2020.10.03"]
[Round "1"]
[White "dorukemir"]
[Black "Yucheng"]
[Result "0-1"]
[ICCResult "White resigns"]
[WhiteElo "1385"]
[BlackElo "1845"]
[Opening "Evans gambit"]
[ECO "C52"]
[NIC "IG.05"]
[Time "12:08:22"]
[TimeControl "4500+10"]

1. e4 e5 2. Nf3 Nc6 3. Bc4 Bc5 4. b4 Bxb4 5. c3 Ba5 6. d4 exd4 7. Qb3 Qe7 8.
O-O d6 9. Ba3 Bb6 10. Nbd2 Na5 11. Qc2 Nxc4 12. Nxc4 Be6 13. e5 Bxc4 14.
exd6 cxd6 15. Qa4+ Qd7 16. Qxc4 Ne7 17. cxd4 O-O 18. Rfe1 Rac8 19. Qb3 Nc6
20. Qd5 Rfd8 21. Re4 Ne7 22. Qb3 Ng6 23. d5 Bc5 24. Bb2 Qc7 25. Rc1 Qb6 26.
Qc2 Re8 27. Rc4 Qd8 28. h4 b5 29. Rc3 Nf4 30. Ng5 g6 31. Rf3 Re2 32. Rxf4
Rxc2 33. Rxc2 f5 34. g4 h6 35. Nf3 fxg4 36. Rxg4 Kh7 37. Re2 Qf8 38. Kg2 Re8
39. Rge4 Rxe4 40. Rxe4 Qf7 41. Re6 Qf5 42. Re7+ Kg8 43. Rg7+ Kf8 44. Rh7
Qg4+ 45. Kf1 Qxf3 46. Rh8+ Ke7 47. Rh7+ Kd8 48. Rh8+ Kc7 49. Rh7+ Kb6
{White resigns}
0-1

[Event "ICC tourney 2035 (75 10)"]
[Site "Internet Chess Club"]
[Date "2020.10.03"]
[Round "2"]
[White "NightMovesTN"]
[Black "kiremon"]
[Result "1-0"]
[ICCResult "Black resigns"]
[WhiteElo "2237"]
[BlackElo "1581"]
[Opening "King's Indian: 5.Nf3"]
[ECO "E90"]
[NIC "KI.20"]
[Time "15:33:21"]
[TimeControl "4500+10"]

1. Nf3 Nf6 2. c4 g6 3. Nc3 Bg7 4. e4 d6 5. d4 O-O 6. h3 Nc6 7. d5 Ne5 8.
Nxe5 dxe5 9. c5 e6 10. Bg5 h6 11. Bh4 g5 12. Bg3 Ne8 13. Bc4 exd5 14. Bxd5
Qe7 15. c6 bxc6 16. Bxc6 Rb8 17. Nd5 Qd6 18. Qc2 Nf6 19. O-O Nxd5 20. Bxd5
Be6 21. Rfd1 Bxd5 22. Rxd5 Qb6 23. b3 Rfe8 24. Rc1 Rb7 25. Qc4 Kf8 26. Rc3
Re6 27. Rf3 Qb4 28. Rd7 Qxc4 29. Rfxf7+ Ke8 30. bxc4 Bf8 31. Rxc7 Rxc7 32.
Rxc7 a6 33. Rc8+ Ke7 34. c5 Kf7 35. f3 Bg7 36. Bf2 Re8 37. Rxe8 Kxe8 38. Kf1
Kd7 39. Ke2 Kc6 40. Kd3 Kb5 41. a4+ Kc6 42. Kc4 Bf6 43. Be3 Be7 44. h4 gxh4
45. Bxh6 Bxc5 46. Bg7 Kd6 47. Bf8+ {Black resigns} 1-0

[Event "ICC tourney 2035 (75 10)"]
[Site "Internet Chess Club"]
[Date "2020.10.03"]
[Round "2"]
[White "imranchamp"]
[Black "G-Horobetz"]
[Result "0-1"]
[ICCResult "White checkmated"]
[WhiteElo "1803"]
[BlackElo "1685"]
[Opening "Sicilian: Grand Prix attack, Schofman variation"]
[ECO "B23"]
[NIC "SI.44"]
[Time "15:32:41"]
[TimeControl "4500+10"]

1. e4 c5 2. Nc3 g6 3. f4 Bg7 4. Nf3 Nc6 5. Bc4 e6 6. f5 Nge7 7. fxe6 fxe6 8.
O-O O-O 9. d3 d5 10. Bb3 Nd4 11. exd5 exd5 12. Bg5 Nxb3 13. axb3 Rf7 14. Qe1
h6 15. Qh4 hxg5 16. Nxg5 Bd4+ 17. Kh1 Nf5 18. Qf4 Rf8 19. Rae1 Be3 20. Rxe3
Nxe3 21. Qh4 Rxf1# {White checkmated} 0-1

[Event "ICC tourney 2035 (75 10)"]
[Site "Internet Chess Club"]
[Date "2020.10.03"]
[Round "2"]
[White "Mariiachess97"]
[Black "PrincessChess"]
[Result "1-0"]
[ICCResult "Black resigns"]
[WhiteElo "1707"]
[BlackElo "1372"]
[Opening "Ruy Lopez: closed, Chigorin defense"]
[ECO "C97"]
[NIC "RL.24"]
[Time "15:32:50"]
[TimeControl "4500+10"]

1. e4 e5 2. Nf3 Nc6 3. Bb5 a6 4. Ba4 Nf6 5. O-O b5 6. Bb3 Be7 7. Re1 d6 8.
c3 O-O 9. h3 Na5 10. Bc2 c5 11. d4 Qc7 12. Nbd2 Nc4 13. Nxc4 bxc4 14. d5 a5
15. Qe2 Ba6 16. Nd2 Nd7 17. Nxc4 Nb6 18. Bd3 Bxc4 19. Bxc4 f5 20. exf5 Rxf5
21. Bd3 Rf7 22. Qh5 g6 23. Qg4 c4 24. Be4 Raf8 25. Bh6 Re8 26. Bxg6 Bf6 27.
Bxf7+ Kxf7 28. Qf5 Nxd5 29. Qxh7+ Ke6 30. Qxc7 Nxc7 31. f4 a4 32. fxe5 dxe5
33. Rad1 Nb5 34. Rd2 a3 35. bxa3 Ra8 36. Rb2 Nxc3 37. Rb6+ Ke7 38. Be3 Rc8
39. Bd4 Nd5 40. Ra6 Nf4 41. Bxe5 Bxe5 42. Rxe5+ Kd7 43. Ra4 Ne6 44. Re4 Nc5
45. Rd4+ Kc6 46. Raxc4 {Black resigns} 1-0

[Event "ICC tourney 2035 (75 10)"]
[Site "Internet Chess Club"]
[Date "2020.10.03"]
[Round "2"]
[White "gitb98"]
[Black "chessisthebest1"]
[Result "1-0"]
[ICCResult "Black resigns"]
[WhiteElo "1956"]
[BlackElo "1891"]
[Opening "QGD: exchange, positional line"]
[ECO "D35"]
[NIC "QO.16"]
[Time "15:32:57"]
[TimeControl "4500+10"]

1. d4 d5 2. c4 e6 3. Nc3 Nf6 4. cxd5 exd5 5. Bg5 Nbd7 6. e3 c6 7. Bd3 Be7 8.
Nge2 O-O 9. O-O Re8 10. Qc2 Nf8 11. Rad1 g6 12. f3 Ne6 13. Bh4 Nh5 14. Bf2
Bf6 15. f4 Nc7 16. h3 Ng7 17. g4 Bh4 18. e4 Bxf2+ 19. Rxf2 dxe4 20. Bxe4 f5
21. Bf3 fxg4 22. hxg4 Be6 23. Kg2 Nd5 24. Nxd5 Bxd5 25. Nc3 Bxf3+ 26. Rxf3
Qe7 27. Rh1 Qd7 28. f5 Qxd4 29. fxg6 Qxg4+ 30. Rg3 Qf5 31. Qb3+ Qe6 32.
gxh7+ Kh8 33. Qxb7 Nf5 34. Rg8+ {Black resigns} 1-0

[Event "ICC tourney 2035 (75 10)"]
[Site "Internet Chess Club"]
[Date "2020.10.03"]
[Round "2"]
[White "HarleyQueen8"]
[Black "dorukemir"]
[Result "1-0"]
[ICCResult "Black checkmated"]
[WhiteElo "1714"]
[BlackElo "1367"]
[Opening "Benkö gambit: main line"]
[ECO "A59"]
[NIC "BI.45"]
[Time "15:32:44"]
[TimeControl "4500+10"]

1. d4 Nf6 2. c4 c5 3. d5 b5 4. cxb5 a6 5. bxa6 Bxa6 6. Nc3 d6 7. e4 Bxf1 8.
Kxf1 g6 9. g3 Bg7 10. Kg2 O-O 11. Nf3 Nfd7 12. Qe2 Qc7 13. Bf4 Na6 14. Rab1
c4 15. Rhc1 Rfc8 16. Nd2 Rab8 17. a3 Nb6 18. Be3 Bxc3 19. Rxc3 Nc5 20. Bxc5
Qxc5 21. Rbc1 Qd4 22. Nxc4 Na4 23. R3c2 Rc7 24. Na5 Rxc2 25. Rxc2 Rxb2 26.
Nc6 Qb6 27. Rxb2 Nxb2 28. Nxe7+ Kf8 29. Nc6 Qb3 30. Qe3 Qc2 31. Qd4 Kg8 32.
e5 dxe5 33. Qxe5 Nc4 34. Qd4 Nxa3 35. Ne7+ Kf8 36. d6 Ke8 37. d7+ Kd8 38.
Qd5 Nb5 39. Nc6+ Qxc6 40. Qxc6 Nc7 41. Qf6+ Kxd7 42. Qxf7+ Kd6 43. Qxh7 g5
44. Qg6+ Ne6 45. h4 gxh4 46. gxh4 Ke7 47. Kg3 Nf8 48. Qg7+ Ke8 49. h5 Ne6
50. Qg6+ Ke7 51. h6 Kf8 52. Qf6+ Kg8 53. Qxe6+ Kh7 54. Qf7+ Kxh6 55. Qg8 Kh5
56. Kf4 Kh6 57. Kf5 Kh5 58. Qg5# {Black checkmated} 1-0

[Event "ICC tourney 2035 (75 10)"]
[Site "Internet Chess Club"]
[Date "2020.10.03"]
[Round "2"]
[White "Chessulanru2020"]
[Black "Legolas08"]
[Result "1-0"]
[ICCResult "Black checkmated"]
[WhiteElo "2272"]
[BlackElo "1798"]
[Opening "Réti opening"]
[ECO "A05"]
[NIC "QP.11"]
[Time "15:32:55"]
[TimeControl "4500+10"]

1. Nf3 Nf6 2. b3 g6 3. Bb2 Bg7 4. c4 O-O 5. g3 c6 6. Bg2 d5 7. O-O Bf5 8. d3
Nbd7 9. Nbd2 Re8 10. Nh4 e5 11. Nxf5 gxf5 12. cxd5 cxd5 13. e4 Nc5 14. Qe2
fxe4 15. dxe4 d4 16. Rac1 Rc8 17. Bh3 Rc7 18. Ba3 Ne6 19. Nc4 Bh6 20. Rcd1
Nc5 21. Bxc5 Rxc5 22. a4 a6 23. a5 Rb5 24. Rd3 Qc7 25. Bf5 Qc6 26. h4 Bf8
27. g4 Nd7 28. g5 Bb4 29. Qh5 Nf8 30. Rg3 Bxa5 31. Rf3 Ng6 32. Qh6 Bb4 33.
Qh5 Rc5 34. Qg4 Nf8 35. h5 b5 36. Nb2 Rc1 37. Nd3 Rxf1+ 38. Kxf1 Bd6 39. g6
fxg6 40. hxg6 h6 41. g7 Nh7 42. Bxh7+ Kxh7 43. Qf5+ Kg8 44. Qf7+ Kh7 45.
g8=Q# {Black checkmated} 1-0

[Event "ICC tourney 2035 (75 10)"]
[Site "Internet Chess Club"]
[Date "2020.10.03"]
[Round "2"]
[White "Yucheng"]
[Black "A-Zapata"]
[Result "0-1"]
[ICCResult "White resigns"]
[WhiteElo "1844"]
[BlackElo "2233"]
[Opening "King's Indian: Averbakh system"]
[ECO "E73"]
[NIC "KI.26"]
[Time "15:32:45"]
[TimeControl "4500+10"]

1. d4 Nf6 2. c4 g6 3. Nc3 Bg7 4. e4 d6 5. Be2 O-O 6. Bg5 h6 7. Be3 e5 8. d5
Nbd7 9. Qd2 Nc5 10. f3 a5 11. Bd1 c6 12. Nge2 cxd5 13. cxd5 Bd7 14. O-O Kh7
15. Bc2 b5 16. Nc1 b4 17. N3e2 Qb8 18. b3 Bb5 19. Nd3 Nfd7 20. Rfd1 Rc8 21.
Rac1 Qb7 22. Ng3 Rc7 23. Nh1 Rac8 24. Bb1 h5 25. Nhf2 Qa6 26. Nxc5 dxc5 27.
Bd3 Bf8 28. Bxb5 Qxb5 29. Qd3 Qxd3 30. Nxd3 c4 31. Rxc4 Rxc4 32. bxc4 Rxc4
33. Rc1 Rxc1+ 34. Bxc1 f6 35. Kf2 Kg8 36. Ke2 Kf7 37. Nb2 Bc5 38. Na4 Bd4
39. Kd3 f5 40. Bb2 fxe4+ 41. fxe4 Bxb2 42. Nxb2 Nc5+ 43. Ke3 Kf6 44. Nd3 Na4
45. Kd2 Nc3 46. Nc5 Ke7 47. a4 Kd6 48. Nb7+ Kc7 49. Nxa5 Nxe4+ 50. Kc2 Nc5
51. Nc6 b3+ 52. Kb2 Kd6 53. Nb4 e4 54. a5 e3 55. a6 Nxa6 56. Nd3 Nc5 57. Nf4
g5 {White resigns} 0-1

[Event "ICC tourney 2035 (75 10)"]
[Site "Internet Chess Club"]
[Date "2020.10.03"]
[Round "3"]
[White "Legolas08"]
[Black "gitb98"]
[Result "0-1"]
[ICCResult "White resigns"]
[WhiteElo "1771"]
[BlackElo "1962"]
[Opening "King's Indian: Petrosian system, Stein variation"]
[ECO "E92"]
[NIC "KI.17"]
[Time "19:01:33"]
[TimeControl "4500+10"]

1. d4 Nf6 2. c4 g6 3. Nc3 Bg7 4. e4 O-O 5. Nf3 d6 6. Be2 e5 7. d5 a5 8. Bg5
h6 9. Bh4 g5 10. Bg3 Nh5 11. Nd2 Nf4 12. O-O f5 13. f3 Nxe2+ 14. Qxe2 f4 15.
Bf2 h5 16. c5 g4 17. cxd6 cxd6 18. Nc4 Ra6 19. Nb5 Rf7 20. Rac1 Bf8 21. Nb6
gxf3 22. gxf3 Bh3 23. Kh1 Bxf1 24. Rxf1 Rxb6 25. Rg1+ Rg7 26. Rxg7+ Bxg7 27.
Bxb6 Qxb6 28. a4 Na6 29. Qg2 Qe3 30. Qg6 Qxf3+ 31. Kg1 Qg4+ 32. Qxg4 hxg4
33. Nxd6 Nc5 34. Nc8 Nxe4 35. d6 Bf6 36. d7 Nc5 {White resigns} 0-1

[Event "ICC tourney 2035 (75 10)"]
[Site "Internet Chess Club"]
[Date "2020.10.03"]
[Round "3"]
[White "PrincessChess"]
[Black "imranchamp"]
[Result "0-1"]
[ICCResult "White resigns"]
[WhiteElo "1376"]
[BlackElo "1803"]
[Opening "Sicilian: closed"]
[ECO "B23"]
[NIC "SI.44"]
[Time "19:01:39"]
[TimeControl "4500+10"]

1. e4 c5 2. Nc3 b6 3. g3 Bb7 4. Bg2 e6 5. d3 a6 6. Nf3 Qc7 7. O-O Nf6 8. h3
Be7 9. Bf4 d6 10. e5 dxe5 11. Bxe5 Bd6 12. Bxd6 Qxd6 13. Nh4 Bxg2 14. Nxg2
Nc6 15. Ne4 Nxe4 16. dxe4 O-O-O 17. Qe2 Kb7 18. Rfd1 Nd4 19. Qd3 Qe5 20. c3
Nb3 21. Qf3 Nxa1 22. Qxf7+ Qc7 23. Qxc7+ Kxc7 24. Rxa1 Rd2 25. Rb1 Rhd8 26.
Ne3 Rf8 27. f4 Re2 28. Ng4 Rxe4 29. Nf2 Re3 30. Kg2 Rd8 31. g4 Rd2 32. b4
Rxc3 33. bxc5 bxc5 34. a4 Rcc2 35. Rf1 c4 36. Kf3 c3 37. Ke3 Rxf2 38. Rxf2
Rxf2 39. Kxf2 c2 {White resigns} 0-1

[Event "ICC tourney 2035 (75 10)"]
[Site "Internet Chess Club"]
[Date "2020.10.03"]
[Round "3"]
[White "HarleyQueen8"]
[Black "NightMovesTN"]
[Result "0-1"]
[ICCResult "White checkmated"]
[WhiteElo "1712"]
[BlackElo "2239"]
[Opening "Queen's pawn: Keres defense"]
[ECO "A40"]
[NIC "QO.17"]
[Time "19:01:36"]
[TimeControl "4500+10"]

1. d4 b6 2. c4 e6 3. Nc3 Bb7 4. Nf3 Bb4 5. Bf4 f5 6. h3 Nf6 7. e3 O-O 8. Be2
Ne4 9. Qc2 d6 10. O-O Bxc3 11. bxc3 Nd7 12. Qb3 g5 13. Bh2 g4 14. hxg4 fxg4
15. Ne1 Qh4 16. Nd3 g3 17. fxg3 Nxg3 18. Bxg3 Qxg3 19. Rxf8+ Rxf8 20. Bf1
Qxe3+ 21. Kh1 Rf6 22. Nf2 Qxf2 23. Qd1 Rh6+ 24. Qh5 Rxh5# {White checkmated}
0-1

[Event "ICC tourney 2035 (75 10)"]
[Site "Internet Chess Club"]
[Date "2020.10.03"]
[Round "3"]
[White "kiremon"]
[Black "dorukemir"]
[Result "1-0"]
[ICCResult "Black checkmated"]
[WhiteElo "1603"]
[BlackElo "1344"]
[Opening "Scotch: Göring gambit"]
[ECO "C44"]
[NIC "SO.06"]
[Time "19:02:00"]
[TimeControl "4500+10"]

1. e4 e5 2. Nf3 Nc6 3. d4 exd4 4. c3 d5 5. e5 Bg4 6. Bb5 dxc3 7. Nxc3 Bb4 8.
O-O Ne7 9. Bg5 O-O 10. Bxc6 bxc6 11. h3 Bh5 12. g4 Bg6 13. Nd4 Qd7 14. Qa4
Bxc3 15. bxc3 h5 16. f3 f6 17. exf6 gxf6 18. Bf4 f5 19. g5 Bf7 20. Rae1 Kh7
21. Rxe7 Qxe7 22. Qxc6 Bg6 23. Ne6 Rfe8 24. Re1 Kg8 25. Re3 Qf7 26. Nxc7
Rec8 27. Re6 Kh7 28. Qd6 Rd8 29. Qe5 Rab8 30. Re7 Rb1+ 31. Kg2 Rb2+ 32. Kg3
h4+ 33. Kxh4 Rg2 34. Rxf7+ Bxf7 35. Qf6 Rg8 36. Qh6# {Black checkmated} 1-0

[Event "ICC tourney 2035 (75 10)"]
[Site "Internet Chess Club"]
[Date "2020.10.03"]
[Round "3"]
[White "JQX2019"]
[Black "Yucheng"]
[Result "1/2-1/2"]
[ICCResult "Game drawn by mutual agreement"]
[WhiteElo "1456"]
[BlackElo "1842"]
[Opening "QGD: Chigorin defense"]
[ECO "D07"]
[NIC "QP.08"]
[Time "19:01:33"]
[TimeControl "4500+10"]

1. d4 d5 2. c4 Nc6 3. cxd5 Qxd5 4. Nf3 e5 5. Nc3 Bb4 6. Bd2 Bxc3 7. Bxc3 e4
8. Ne5 Nxe5 9. dxe5 Qxd1+ 10. Rxd1 Be6 11. a3 Rd8 12. g3 Ne7 13. Rxd8+ Kxd8
14. Bg2 Bf5 15. O-O Nc6 16. Rd1+ Kc8 17. f4 exf3 18. exf3 Rd8 19. Rxd8+ Kxd8
20. f4 Ke7 21. Bf3 g6 22. g4 Bd7 23. Kf2 Nd8 24. b4 Ne6 25. Ke3 c6 26. h4
Ng7 27. h5 Ne6 28. hxg6 hxg6 29. Ke4 Nc7 30. Bd4 b6 31. Be2 Nb5 32. Bxb5
cxb5 33. f5 gxf5+ 34. gxf5 Bc6+ 35. Kf4 Bd5 36. Bf2 a5 37. Bxb6 axb4 38.
Bc5+ Ke8 39. axb4 Bc4 40. Kg5 Bd3 41. Kf6 Bc4 42. Kg7 Bd5 43. Bd6 Bc4 44.
Bc7 Bd5 45. Kf6 Bc4 46. Bd6 Bd5 47. Kg5 Bc4 48. Kf4 Bd5 49. Ke3 Bc4 50. Kd4
Bf1 51. Ke4 Bc4 52. Kf4 Bd5 53. Kg5 Bc4 54. Kf6 Bd5 55. Kg7 Bc4 56. e6 fxe6
57. f6 e5 58. Bxe5 Bf7 59. Bd4 Bc4 60. Bc5 Bf7 61. Bd6 Bc4 62. Kg6 Bf7+ 63.
Kf5 Bc4 64. Ke5 Kf7 65. Be7 Bf1 66. Kd6 Bg2 67. Kc5 Bf1 68. Kc6 Be2 69. Kb6
{Game drawn by mutual agreement}
1/2-1/2

[Event "ICC tourney 2035 (75 10)"]
[Site "Internet Chess Club"]
[Date "2020.10.03"]
[Round "3"]
[White "G-Horobetz"]
[Black "Mariiachess97"]
[Result "1-0"]
[ICCResult "Black resigns"]
[WhiteElo "1723"]
[BlackElo "1645"]
[Opening "Sicilian: Najdorf, Opocensky variation"]
[ECO "B92"]
[NIC "SI.10"]
[Time "19:01:33"]
[TimeControl "4500+10"]

1. e4 c5 2. Nf3 d6 3. d4 cxd4 4. Nxd4 Nf6 5. Nc3 a6 6. Be2 Nbd7 7. O-O Nc5
8. Bf3 e6 9. g3 Be7 10. Bg2 O-O 11. h3 Qc7 12. g4 Rb8 13. g5 Nfd7 14. b4 Nb3
15. Ncb5 axb5 16. axb3 Qc3 17. Be3 Qxb4 18. Ne2 d5 19. exd5 Qh4 20. dxe6
fxe6 21. Nd4 Ne5 22. f4 Ng6 23. Qe1 Qh5 24. Qg3 Nh4 25. Be4 Bd7 26. Bf2 Nf5
27. Nxf5 exf5 28. Bd5+ Kh8 29. Rfe1 Bd6 30. Rad1 Rfe8 31. Bf3 Rxe1+ 32. Bxe1
Bc5+ 33. Kh2 Qf7 34. Qg2 Be3 35. Bd2 Bxd2 36. Rxd2 Be6 37. Qf2 Qc7 38. Qd4
Kg8 39. Kg3 Rc8 40. Re2 Bf7 41. h4 Qc3 42. Qxc3 Rxc3 43. Kf2 b6 44. Rd2 h6
45. h5 Kf8 46. g6 Be6 47. Be2 b4 48. Bd3 Ke7 49. Ke3 Kf6 50. Rd1 Rc7 51. Ra1
Re7 52. Kf2 Rd7 53. Ra6 Rd6 54. Ke3 Bd7 55. Ra7 Be6 56. Ra4 Bd7 57. Rxb4
Re6+ 58. Kd2 Rd6 59. Kc3 Rc6+ 60. Rc4 Rd6 61. Rd4 Rc6+ 62. Kb4 Be6 63. c3
Ke7 64. Bb5 Rd6 65. Rxd6 Kxd6 66. Bd3 Bd7 67. c4 Kc6 68. Kc3 Kd6 69. Kd4 Bc6
70. Be2 Be4 71. b4 Bg2 72. c5+ bxc5+ 73. bxc5+ Ke6 74. Bc4+ Ke7 75. Bd5 Bf1
76. Bf3 Ke6 77. Bd5+ Ke7 78. Ke5 Be2 79. c6 Bb5 80. Bf3 Bd3 81. Kd4 Bc2 82.
Kc5 Be4 83. Bxe4 fxe4 84. c7 Kd7 85. Kb6 Kc8 86. f5 e3 87. f6 e2 88. fxg7
e1=Q 89. g8=Q+ Kd7 90. Qd8+ {Black resigns} 1-0

[Event "ICC tourney 2035 (75 10)"]
[Site "Internet Chess Club"]
[Date "2020.10.03"]
[Round "3"]
[White "A-Zapata"]
[Black "Chessulanru2020"]
[Result "1-0"]
[ICCResult "Black resigns"]
[WhiteElo "2253"]
[BlackElo "2234"]
[Opening "Philidor: Improved Hanham variation"]
[ECO "C41"]
[NIC "KP.08"]
[Time "19:02:13"]
[TimeControl "4500+10"]

1. e4 e5 2. Nf3 d6 3. d4 Nf6 4. Nc3 Nbd7 5. Bc4 Be7 6. O-O O-O 7. Re1 c6 8.
a4 a5 9. b3 Qc7 10. h3 Re8 11. Ng5 Rf8 12. Ba3 Nb6 13. Bf1 h6 14. Nf3 Be6
15. Qd2 Rfe8 16. Rad1 Bf8 17. Qc1 Rad8 18. g3 Bc8 19. Bg2 Nbd7 20. Qa1 exd4
21. Nxd4 Ne5 22. Bc1 Ng6 23. Be3 Nd7 24. f4 Nc5 25. Bf2 Be7 26. Nf3 Na6 27.
Na2 c5 28. Nc3 Nb4 29. Qc1 Bd7 30. Bf1 Bf6 31. Nb5 Bxb5 32. Bxb5 Rf8 33. Qd2
h5 34. c3 Nc6 35. Bc4 Rfe8 36. Qc2 Nf8 37. h4 g6 38. Ng5 Bxg5 39. hxg5 Qe7
40. Qd3 Kg7 41. Re2 Ne6 42. Be3 f6 43. Rf1 Rf8 44. gxf6+ Qxf6 45. Ref2 Qe7
46. Bc1 Kh7 47. Bd5 Ng7 48. Bb2 Qd7 49. Rh2 Ne7 50. c4 Nxd5 51. cxd5 Kg8 52.
Rh4 Rde8 53. Rh2 Rf7 54. Rhf2 Qg4 55. f5 gxf5 56. exf5 Re4 57. f6 Ne8 58.
Rf4 Rxf4 59. Rxf4 Qg5 60. Qf3 Qg6 61. Qf2 Nc7 62. Rf5 h4 63. Kg2 Kf8 64. Qf3
hxg3 65. Rh5 Rh7 66. Rxh7 Qxh7 67. Kxg3 Qg6+ 68. Kh4 Kf7 69. Qf4 Qh7+ 70.
Kg5 Qg6+ 71. Kh4 Qh7+ 72. Kg5 Qg6+ 73. Kh4 Nxd5 74. Qxd6 Qe4+ 75. Kg5 Qe3+
76. Kf5 Qf3+ 77. Ke5 Qxf6+ 78. Kxd5 Qxb2 79. Qe6+ Kf8 80. Kxc5 Qc3+ 81. Kb6
Qb4+ 82. Ka7 b5 83. Qf5+ Kg8 84. Qxb5 Qe7+ 85. Qb7 Qc5+ 86. Qb6 Qe7+ 87. Ka6
Qe2+ 88. Kxa5 Qe5+ 89. Qb5 Qc3+ 90. b4 Qc7+ 91. Qb6 Qe5+ 92. Ka6 Qe2+ 93. b5
Qc4 94. a5 Qc8+ 95. Qb7 Qe6+ 96. Qc6 Qe2 97. Ka7 Qe7+ 98. Qb7 Qc5+ 99. Ka6
Qd6+ 100. b6 Qd3+ 101. Ka7 Qb5 102. a6 Kf8 103. Qc7 Qd3 104. b7 Qd4+ 105.
Kb8 {Black resigns} 1-0

[Event "ICC tourney 2035 (75 10)"]
[Site "Internet Chess Club"]
[Date "2020.10.04"]
[Round "4"]
[White "Yucheng"]
[Black "PrincessChess"]
[Result "1/2-1/2"]
[ICCResult "Game drawn by mutual agreement"]
[WhiteElo "1839"]
[BlackElo "1465"]
[Opening "Nimzo-Indian: 4.e3 O-O"]
[ECO "E46"]
[NIC "NI.11"]
[Time "12:01:49"]
[TimeControl "4500+10"]

1. d4 Nf6 2. c4 e6 3. Nc3 Bb4 4. e3 O-O 5. Bd2 d5 6. a3 Be7 7. Bd3 dxc4 8.
Bxc4 Nbd7 9. Nf3 b6 10. O-O Bb7 11. Rc1 c5 12. Be2 cxd4 13. Nxd4 a6 14. Na2
Ne5 15. Bb4 Qd5 16. Nf3 Nxf3+ 17. Bxf3 Qxd1 18. Rfxd1 Bxf3 19. gxf3 Bxb4 20.
Nxb4 a5 21. Nc6 {Game drawn by mutual agreement} 1/2-1/2